[Event "*** Titled Tuesday 3|2 Blitz"]
[Site "Chess.com"]
[Date "2016.09.06"]
[Round "7"]
[White "Haridaskesavan"]
[Black "Andrejkin"]
[Result "1-0"]
[WhiteElo "2205"]
[BlackElo "2193"]
[TimeControl "180+2"]
[EndTime "12:28:13 PDT"]
[Termination "Haridaskesavan won by checkmate"]

1. e4 c5 2. c3 Nf6 3. e5 Nd5 4.
g3 Nc6 5. Bg2 e6 6. Nf3 d6 7.
exd6 Bxd6 8. d4 cxd4 9. Nxd4 O-O 10. O-O Bc5 11. Nxc6 bxc6 12. c4 Ne7 13. Qxd8 Rxd8 14. Nc3 Bb7 15. Bf4 Rac8 16. Rfd1 Nf5 17. Ne4 Bd4 18.
Rd2 e5 19. Bh3 g6 20. Bg5 Rf8 21. Rad1 c5 22. Bxf5 gxf5 23. Nd6 Rc7 24. Nxf5 Bf3 25. Bf6 h5 26. Re1 Re8 27. Nxd4 cxd4 28. b3 e4 29. Bxd4 f5 30. Be3 Kf7 31. h3 Ke6 32.
Kh2 a5 33. Bf4 Rc6 34. Rc1 Rec8 35. Be3 a4 36. h4 axb3 37. axb3 Ra8 38. c5 Rb8 39.
Rb2 Rb5 40. b4 Kd5 41. Rd2+ Ke6 42. Rd4 Bg4 43. Ra1 Ke5 44. Ra8 Re6 45. Rad8 Re7 46.
Bg5 Reb7 47. R8d6 e3 48. Bxe3 Rxb4 49. Bf4# 1-0

[Event "*** Titled Tuesday 3|2 Blitz"]
[Site "Chess.com"]
[Date "2016.09.06"]
[Round "7"]
[White "PowerThinking2650"]
[Black "Generalas"]
[Result "1/2-1/2"]
[WhiteElo "2149"]
[BlackElo "2158"]
[TimeControl "180+2"]
[EndTime "12:28:19 PDT"]
[Termination "Game drawn by agreement"]

1. e4 e5 2. Nf3 Nc6 3. d4 exd4 4. Bc4 Nf6 5. O-O Nxe4 6. Re1 d5 7. Bxd5 Qxd5 8.
Nc3 Qa5 9. Nxe4 Be6 10. Neg5 O-O-O 11. Nxe6 fxe6 12. Rxe6 Bd6 13. Bg5 Rde8 14. Qe1 Qxe1+ 15. Raxe1 Kd7 16. Rxe8 Rxe8 17. Rxe8 Kxe8 18. Kf1 h6 19. Bd2 Kf7 20. Ke2 Ke6 21. Kd3 Kd5 22. Nxd4 Nxd4 23.
c4+ Ke5 24. f4+ Kf5 25. Kxd4 Bxf4 26. Bxf4 Kxf4 27. Kd5 Kf5 28. c5 g5 29. a4 a5 30.
Kc4 c6 31. b4 Ke4 32. bxa5 h5 33.
a6 bxa6 34. Kb4 Kd4 35. Ka5 Kxc5 36. Kxa6 Kb4 37. Kb6 c5 38. a5 c4 39. a6 c3 40. a7 c2 41. a8=Q c1=Q 42. Qa5+ Kb3 43. Qb5+ Kc2 44. Qe2+ Qd2 45. Qxh5 Qxg2 46. Qg6+ 1/2-1/2

[Event "*** Titled Tuesday 3|2 Blitz"]
[Site "Chess.com"]
[Date "2016.09.06"]
[Round "7"]
[White "nihalsarin"]
[Black "Blitzstream"]
[Result "1-0"]
[WhiteElo "2424"]
[BlackElo "2538"]
[TimeControl "180+2"]
[EndTime "12:28:28 PDT"]
[Termination "nihalsarin won by resignation"]

1. d4 d5 2. c4 c6 3. Nf3 Nf6 4. g3 Bf5 5. Bg2 e6 6. Nc3 Be7 7. Nh4 Bg6 8. Qb3 Qb6 9. Nxg6 hxg6 10. c5 Qxb3 11. axb3 Nbd7 12. b4 e5 13. e3 O-O 14.
f4 exd4 15. exd4 Rfe8 16. Kf2 Nf8 17. h3 Ne6 18. Be3 a6 19. Rhe1 Nh7 20. Kg1 f5 21. Nxd5 cxd5 22. Bxd5 Bf6 23. Bf2 Nf8 24. Bxb7 Rab8 25.
c6 Rxb7 26. cxb7 Rb8 27. d5 Nd4 28. Red1 Nb5 29. Rxa6 Rxb7 30. d6 Nd7 31. Rc6 Bxb2 32. Rd2 Bc3 33. Rc2 Bxb4 34. Rc7 Nxd6 35. Rxb7 Nxb7 36.
Rb2 Nd6 37. Rxb4 Ne4 38. Kg2 Ndf6 39. Rb5 Kh7 40. Bd4 Kh6 41. Bxf6 Nxf6 42. Kf3 Kh7 43. g4 fxg4+ 44. hxg4 Ng8 45. Rb6 Nf6 46. Ra6 Ng8 47. Re6 Nf6 48. Re1 Kg8 49. g5 Nd7 50. Re7 Nf8 51. Ke4 Kh7 52. Ke5 Nd7+ 53. Rxd7 Kh8 54. Ke6 Kh7 55. Kf7 Kh8 56. Kxg6 1-0

[Event "*** Titled Tuesday 3|2 Blitz"]
[Site "Chess.com"]
[Date "2016.09.06"]
[Round "7"]
[White "pKiLz5Rn9b"]
[Black "DanielNaroditsky"]
[Result "1-0"]
[WhiteElo "2462"]
[BlackElo "2731"]
[TimeControl "180+2"]
[EndTime "12:28:46 PDT"]
[Termination "pKiLz5Rn9b won by resignation"]

1. e4 e6 2. d4 d5 3. Nd2 Be7 4. Ngf3 Nf6 5. Bd3 c5 6. exd5 Qxd5 7. dxc5 Bxc5 8. Qe2 Nc6 9. a3 Be7 10. O-O b6 11. Ne4 Bb7 12. Bf4 O-O 13. Rfe1 Rad8 14. h3 Ba8 15. b4 Nxe4 16. Bxe4 Nd4 17. Qd3 Nxf3+ 18. Qxf3 Qc4 19. Bxa8 Rxa8 20. Re4 Qxc2 21. Rc1 Qb2 22. Rc7 Bf6 23. Rec4 h6 24. Rb7 Qb1+ 25.
Kh2 Qf5 26. Rcc7 a5 27. Rxb6 axb4 28. axb4 g5 29. Bd6 Qxf3 30. gxf3 Bd8 31. Rbc6 Bxc7 32. Rxc7 Rfc8 33. Rb7 Ra2 34. Kg3 Rcc2 35. Bc5 f5 36. h4 Ra1 37. hxg5 hxg5 38. f4 g4 39. Kh4 Rb1 40.
Re7 Re1 41. Kg5 g3 42. Kg6 Kf8 43. fxg3 Rxc5 44. Rf7+ Ke8 45. bxc5 Re3 46. Kf6 Rxg3 47. Re7+ Kd8 48. Rxe6 Rc3 49. Re5 Rc4 50. Kxf5 Kd7 51.
Kg5 Rc1 52. f5 Rg1+ 53. Kf6 Rf1 54. Re6 Rc1 55. c6+ 1-0

[Event "*** Titled Tuesday 3|2 Blitz"]
[Site "Chess.com"]
[Date "2016.09.06"]
[Round "7"]
[White "lionheart95"]
[Black "Alexander_Moskalenko"]
[Result "0-1"]
[WhiteElo "2476"]
[BlackElo "2646"]
[TimeControl "180+2"]
[EndTime "12:29:15 PDT"]
[Termination "Alexander_Moskalenko won by resignation"]

1. e4 d5 2. exd5 Nf6 3. d4 Bg4 4. f3 Bf5 5. c4 e6 6. dxe6 Nc6 7. Be3 Qe7 8. exf7+ Kxf7 9. Kf2 Re8 10. Qd2 Qd7 11.
Nc3 Rxe3 12. Qxe3 Nxd4 13. Qe5 Bd6 14. Qxd4 Bg3+ 15. hxg3 Qxd4+ 16. Ke1 Re8+ 17. Nge2 Bd3 18. Rd1 Qxc4 19. Rh4 Qa6 20. Rd4 Bxe2 21. Bxe2 Qa5 22. Kf1 h5 23. Bc4+ Kg6 24. Nd5 Nxd5 25. Rxd5 Qb4 26.
b3 Kh6 27. Rxh5+ Kxh5 28. Bf7+ Kh6 29. Bxe8 c6 30. Bf7 b5 31. Be8 Qc5 32. Re1 Qd6 33.
Re4 g5 34. g4 a6 35. Bf7 Kg7 36. Be6 c5 37. Bf5 Qd1+ 38. Re1 Qd2 39. Re2 Qc3 40. Be4 c4 41. bxc4 Qxc4 42. Kf2 a5 43.
Rd2 a4 44. g3 b4 45. Rd7+ Kf6 46. Rd6+ Ke5 47. Rd2 a3 48. Bb1 Qc1 49. Re2+ Kd4 50.
Bc2 Qh1 51. f4 gxf4 52. gxf4 Qh4+ 53. Kf3 Qh3+ 54. Kf2 Qxg4 55. f5 Qf4+ 56. Ke1 Kc3 57. Bb3 Qxf5 58. Re3+ Kb2 59. Re2+ Kc1 60. Re6 Qf4 61.
Rc6+ Kb2 62. Rc2+ Kb1 63. Re2 Qd4 64. Kf1 Qd3 65. Kf2 Qxb3 66. axb3 a2 67. Ke3 a1=Q 68. Re1+ Ka2 69. Rxa1+ Kxa1 70. Kd3 Kb2 71. Kc4 Ka3 72. Kd3 Kxb3 73. Kd2 Ka2 74. Kc1 b3 0-1

[Event "*** Titled Tuesday 3|2 Blitz"]
[Site "Chess.com"]
[Date "2016.09.06"]
[Round "7"]
[White "ChessWarrior7197"]
[Black "Maitreia"]
[Result "0-1"]
[WhiteElo "2470"]
[BlackElo "2411"]
[TimeControl "180+2"]
[EndTime "12:29:30 PDT"]
[Termination "Maitreia won by resignation"]

1. e4 c5 2. Nf3 d6 3. d4 Nf6 4.
Nc3 cxd4 5. Nxd4 g6 6. f3 Bg7 7.
Be3 O-O 8. Qd2 Nc6 9. O-O-O Bd7 10. h4 h5 11. Nxc6 bxc6 12. Bc4 Rb8 13. Bb3 Qa5 14.
Bh6 Be6 15. Bxg7 Kxg7 16. Ne2 Qxd2+ 17. Kxd2 c5 18. Nf4 Bxb3 19. axb3 c4 20. bxc4 Rxb2 21. Ra1 Rc8 22. Kc3 Rb7 23. Ra4 Nd7 24. Rha1 Ne5 25. Nd3 Nc6 26. Kd2 Rbc7 27. f4 Nd4 28. c5 dxc5 29.
Rxa7 c4 30. Ne5 f6 31. Nf3 c3+ 32. Kd1 Nxf3 33. gxf3 Rd8+ 34. Kc1 Rxa7 35. Rxa7 Kf7 36. Ra3 Rd2 37. Rxc3 Rh2 38. Rd3 Rxh4 39. c4 Rh2 40. c5 Ra2 41. Rc3 Ke8 42. Kb1 Rd2 43. Kc1 Ra2 44. Kb1 Ra5 45. Kb2 Kd7 46. Kb3 Kc6 47. Rc1 Rb5+ 48. Ka2 Rxc5 49. Rg1 g5 50. fxg5 fxg5 51. Kb3 Kd6 52. Kb4 Re5 53. Kc4 Ke6 54.
Kd4 Kf6 55. Rh1 h4 56. f4 Ra5 57. fxg5+ Kxg5 58. Rg1+ Kf4 59. Rf1+ Kg3 60. e5 h3 61. Rf7 Ra4+ 62. Kd5 h2 63. Rf1 Kg2 64. Ra1 Rxa1 0-1

[Event "*** Titled Tuesday 3|2 Blitz"]
[Site "Chess.com"]
[Date "2016.09.06"]
[Round "7"]
[White "Anton_Demchenko"]
[Black "Astaneh"]
[Result "0-1"]
[WhiteElo "2584"]
[BlackElo "2495"]
[TimeControl "180+2"]
[EndTime "12:29:33 PDT"]
[Termination "Astaneh won by resignation"]

1. e4 c6 2. Nc3 d5 3. Nf3 dxe4 4.
Nxe4 Nd7 5. Qe2 Ndf6 6. d3 Bg4 7. Bd2 Nxe4 8. dxe4 Nf6 9. e5 Nd5 10. c4 Nb6 11.
O-O-O Qc7 12. Bf4 e6 13. h3 Bh5 14. g4 Bg6 15. Nh4 Na4 16. Nxg6 hxg6 17. Bg2 Nc5 18.
Qe3 Be7 19. h4 Qa5 20. Kb1 Qb4 21. Rd4 Na4 22. Qb3 Qxb3 23. axb3 Nc5 24. b4 Nd7 25. b5 Rc8 26. bxc6 bxc6 27. h5 gxh5 28. gxh5 Bc5 29. Rd2 Nb6 30. Bf3 Bb4 31. Rc2 Kd7 32. Rg1 Rcg8 33.
Ka2 Kc7 34. Be3 Nd7 35. Bf4 Bc5 36. Rd2 Nb6 37. b3 a5 38. Rgd1 a4 39. Rd6 Bxd6 40. Rxd6 axb3+ 41. Kxb3 Nd7 42. Rxc6+ Kd8 43. Kc3 Ke7 44. Ra6 Rb8 45. Ra7 Rhc8 46. Bg5+ Ke8 47. Bf4 Nb6 48. Kd3 Nxc4 49. Ke2 Rb2+ 50. Ke1 Rb5 51.
Bd1 Kf8 52. Ba4 Rd5 53. Bb3 Rd4 54. Bg3 Nxe5 55. Kf1 Nd3 56. Kg2 Nf4+ 57. Kf3 Nxh5 58. Be5 Rd3+ 59. Kg4 Rxb3 60. Kxh5 Rb5 61. f4 f6 62. Kg6 fxe5 63. Rf7+ Ke8 64. Rxg7 exf4 65. Kf6 Rc6 66. Rg8+ Kd7 67. Rg7+ Kd6 68. Rg8 Rf5+ 69. Kg6 Ke5 0-1

[Event "*** Titled Tuesday 3|2 Blitz"]
[Site "Chess.com"]
[Date "2016.09.06"]
[Round "7"]
[White "Yaacovn"]
[Black "Pudor"]
[Result "1-0"]
[WhiteElo "2638"]
[BlackElo "2379"]
[TimeControl "180+2"]
[EndTime "12:29:37 PDT"]
[Termination "Yaacovn won by resignation"]

1. d4 Nf6 2. Bg5 e6 3. e4 h6 4.
Bxf6 Qxf6 5. Nc3 Bb4 6. Qd2 d5 7. Nge2 O-O 8. a3 Bxc3 9. Nxc3 dxe4 10. Nxe4 Qe7 11. Qb4 Qd7 12. O-O-O Nc6 13. Qc3 Qd5 14. Nc5 b6 15. Na6 Bxa6 16. Bxa6 Rad8 17. Bb7 Qg5+ 18.
Kb1 Na5 19. Bf3 Qb5 20. b4 Nc4 21. Ka2 Nd6 22. Kb3 a5 23. a4 Qg5 24. h4 Qf6 25.
b5 Nf5 26. d5 e5 27. Rhe1 Nd4+ 28. Kb2 Qd6 29. Qc4 Rfe8 30. c3 Nxf3 31. gxf3 Qf6 32.
Qe4 Qd6 33. h5 Kh8 34. Qf5 f6 35. Rd2 Rd7 36. Red1 Red8 37. Kb3 Qc5 38. Qe6 Rd6 39. Qf7 R6d7 40. Qg6 Qe7 41. Qe4 Rd6 42. f4 Re8 43. fxe5 Qxe5 44. Qxe5 Rxe5 45. c4 Rxh5 46. Re1 Rh3+ 47.
Kb2 Rh4 48. Kc3 Rd7 49. Rde2 Rh3+ 50. Kb2 Rh4 51. Kb3 Rh3+ 52. Kc2 Rh4 53. Kd3 Rh3+ 54. Kd4 Rh4+ 55. Re4 Rxe4+ 56. Rxe4 h5 57. c5 bxc5+ 58.
Kxc5 g5 59. Kc6 Rd6+ 60. Kxc7 Rxd5 61. b6 Rc5+ 62. Kd6 Rc1 63. b7 Rb1 64. Re8+ Kh7 65. b8=Q Rxb8 66. Rxb8 Kg6 67. Ke6 h4 68. Rg8+ Kh7 69.
Kf7 h3 70. Rg7+ Kh8 71. Kg6 h2 72. Rh7+ 1-0

[Event "*** Titled Tuesday 3|2 Blitz"]
[Site "Chess.com"]
[Date "2016.09.06"]
[Round "7"]
[White "GianmarcoVaR"]
[Black "SavelijTartakover"]
[Result "1-0"]
[WhiteElo "2412"]
[BlackElo "2456"]
[TimeControl "180+2"]
[EndTime "12:30:02 PDT"]
[Termination "GianmarcoVaR won by resignation"]

1. d4 Nf6 2. c4 g6 3. g3 Bg7 4. Bg2 O-O 5. Nc3 d6 6. Nf3 Nc6 7. O-O Bg4 8. d5 Bxf3 9. exf3 Na5 10. b3 c6 11. dxc6 bxc6 12. Be3 c5 13. f4 Rc8 14.
Bh3 e6 15. Nb5 Ne4 16. Rc1 a6 17. Na3 f5 18. Bg2 Qb6 19. Qc2 Nf6 20. Rfd1 Rfd8 21.
Nb1 Nc6 22. Nc3 Ng4 23. h3 Nxe3 24. fxe3 Qa5 25. Na4 Ne7 26. Rd3 Rd7 27. Rcd1 Rcd8 28. Qd2 Qxd2 29. R1xd2 Nc8 30. Nxc5 Re7 31. Nb7 Rdd7 32.
Nxd6 Nxd6 33. Rxd6 Rxd6 34. Rxd6 a5 35. Kf2 Bf8 36.
Ke2 e5 37. Bd5+ Kg7 38. Re6 exf4 39. Rxe7+ Bxe7 40. exf4 h5 41. h4 Bc5 42. Bc6 Kf6 43.
Be8 Kg7 44. Bd7 Kf7 45. Bc8 Ke7 46. Bb7 Kf7 47. Ba8 Ke7 48. Ke1 Kf7 49. Kd2 Bf2 50. a3 Bxg3 51. c5 Bxf4+ 52. Kc3 Bg3 53. Kc4 Bxh4 54. Kb5 Ke7 55. Kxa5 Bf2 56. b4 g5 57.
a4 g4 58. Kb5 h4 59. a5 g3 60. a6 h3 61. a7 g2 62. Bxg2 hxg2 63. a8=Q g1=Q 64. Qb7+ Kf6 65. Qb6+ Kg5 66. Qd8+ Kg4 67.
Qg8+ Kf4 68. Qxg1 Bxg1 69. c6 1-0

[Event "*** Titled Tuesday 3|2 Blitz"]
[Site "Chess.com"]
[Date "2016.09.06"]
[Round "7"]
[White "Abdodi"]
[Black "dretch"]
[Result "0-1"]
[WhiteElo "1981"]
[BlackElo "2619"]
[TimeControl "180+2"]
[EndTime "12:30:12 PDT"]
[Termination "dretch won on time"]

1. d4 d5 2. Nf3 Nf6 3. c4 c6 4. Nc3 dxc4 5. a4 e6 6. e3 c5 7.
Bxc4 cxd4 8. Qxd4 Bd7 9. Nb5 Nc6 10. Nd6+ Bxd6 11. Qxd6 Ne4 12. Qa3 Qa5+ 13. Bd2 Nxd2 14.
Nxd2 Rc8 15. Bb5 a6 16. b4 Qc7 17. Bxc6 Qxc6 18. O-O O-O 19. Nf3 Qe4 20. Rfd1 Bc6 21. Rd4 Qg6 22. Qd3 Qxd3 23. Rxd3 Bxa4 24. h3 Bb5 25. Rd6 Rfd8 26. Rxd8+ Rxd8 27. Nd4 Bd7 28. Rc1 Rc8 29. Rd1 Kf8 30. Nb3 Ba4 31. Rd3 b6 32.
Nd2 Ke7 33. Nf3 f6 34. Nd4 Bd7 35. Ra3 e5 36. Ne2 Rc2 37. Nc3 Ke6 38. Kf1 Bc6 39.
g3 Bf3 40. Ke1 h5 41. Na4 Re2+ 42. Kf1 Rc2 43. Ke1 Re2+ 44. Kf1 Rd2 45. Ra1 Rd6 46. h4 Kf5 47. Ke1 g5 48. hxg5 fxg5 49. Nb2 b5 50. Nd1 Rxd1+ 51. Rxd1 Bxd1 52. Kxd1 Ke4 53. Ke2 Kd5 54.
f4 exf4 55. exf4 gxf4 56. gxf4 Ke4 57. f5 Kxf5 58. Kf3 Ke5 59. Ke3 Kd5 60. Kd3 h4 61. Ke3 Kc4 62. Kf4 Kxb4 63. Kg4 a5 64. Kxh4 a4 65.
Kg3 a3 66. Kf4 a2 67. Ke5 a1=Q+ 68. Ke4 Kc4 69. Ke3 Qd4+ 70. Kf3 b4 71. Ke2 b3 72. Ke1 b2 73. Ke2 b1=Q 74. Kf3 Qbd3+ 75. Kg2 Qb2+ 0-1

[Event "*** Titled Tuesday 3|2 Blitz"]
[Site "Chess.com"]
[Date "2016.09.06"]
[Round "7"]
[White "Tash_Boy"]
[Black "dusanacns"]
[Result "0-1"]
[WhiteElo "2411"]
[BlackElo "2554"]
[TimeControl "180+2"]
[EndTime "12:30:58 PDT"]
[Termination "dusanacns won by resignation"]

1. e4 c5 2. Nf3 d6 3. d4 cxd4 4.
Nxd4 Nf6 5. Nc3 a6 6. Bg5 Nbd7 7. Qe2 h6 8. Bh4 g6 9. f4 e5 10. fxe5 dxe5 11. O-O-O Qc7 12. Nb3 b5 13. Nd5 Nxd5 14. exd5 Bd6 15. Qd2 f5 16. g4 Nb6 17. Na5 e4 18. Kb1 g5 19. Bf2 Na4 20. gxf5 Bxf5 21.
Bd4 O-O 22. h4 e3 23. Bxe3 Bb4 24. d6 Bxd2 25. dxc7 Bxe3 26. hxg5 Rac8 27. gxh6 Rxc7 28. Bd3 Kh7 29. Nb3 Bxh6 30. Rdf1 Rcf7 31. Rxf5 Rxf5 32. Nd4 Kg8 33. Nxf5 Bf4 34. Rg1+ Kf7 35. Nd4 Be5 36.
Rf1+ Bf6 37. Nc6 Rh8 38. Be4 Ke6 39. Nb4 Bxb2 40. Nxa6 Bd4 41. Bd3 Nc3+ 42. Kc1 Kd6 43. Nb4 Kc5 44. Na6+ Kd6 45. Nb4 Ra8 46. Rh1 Ra4 47. Rh6+ Kc5 48. Na6+ Kd5 49. Nc7+ Ke5 50. Rh5+ Kf4 51. Ne6+ Kg4 52. Rg5+ Kh4 53. Rg8 Be5 54.
Ng7 Rxa2 55. Nf5+ Kh3 56. Kd2 b4 57. Bf1+ Kh2 58. Bd3 b3 59. Ne3 b2 60. Ng4+ Kh3 61. Bf1+ Kh4 62. Nxe5 Ne4+ 63. Ke3 b1=Q 64. Kxe4 Qxf1 65.
Nf3+ Kh5 66. Rh8+ Kg6 67. Ne5+ Kg7 68. Rh4 Qe1+ 0-1

[Event "*** Titled Tuesday 3|2 Blitz"]
[Site "Chess.com"]
[Date "2016.09.06"]
[Round "7"]
[White "Zhani-Z"]
[Black "Mepetmepe"]
[Result "0-1"]
[WhiteElo "2275"]
[BlackElo "2398"]
[TimeControl "180+2"]
[EndTime "12:31:35 PDT"]
[Termination "Mepetmepe won by resignation"]

1. e4 e5 2. Nf3 Nc6 3. Nc3 Nf6 4. d4 exd4 5. Nd5 Be7 6. Nxd4 Nxd5 7. exd5 Nxd4 8. Qxd4 O-O 9. Be3 Bf6 10. Qb4 a5 11.
Qb3 a4 12. Qb4 a3 13. c3 axb2 14. Qxb2 c6 15. Be2 Qa5 16. Bd2 Re8 17. Kf1 Qxd5 18. Be3 Qa5 19. Bd4 Bxd4 20. cxd4 b6 21. f3 Ba6 22. Bxa6 Qxa6+ 23. Kf2 Qa3 24. Qxa3 Rxa3 25. Rhb1 b5 26. Rb3 Rea8 27. Rb2 Rd3 28. a4 Rxd4 29. axb5 Rxa1 30. bxc6 Kf8 31. c7 Rc1 32. Rb8+ Ke7 33.
c8=Q Rxc8 34. Rxc8 Rd2+ 35. Kg3 h5 36. h4 g6 37. Ra8 Ke6 38. Ra6+ d6 39. Ra7 Rb2 40.
Ra6 f6 41. Kh3 Rd2 42. g4 hxg4+ 43. fxg4 Rd3+ 44. Kg2 Ke5 45. Ra1 Rd4 46. Kf3 Rd3+ 47. Kg2 Rd4 48. Kf3 d5 49. Rh1 Rd3+ 50. Ke2 Ra3 51. h5 gxh5 52. gxh5 Ra7 53. h6 Rh7 54. Ke3 Kf5 55. Rh5+ Kg6 56. Rxd5 Rxh6 57. Kf4 Rh1 58. Ra5 Rb1 59. Kg4 Rb4+ 60. Kg3 f5 61. Kf3 Kg5 62. Ra3 Rh4 63. Kg3 f4+ 64. Kg2 Kg4 65. Kg1 Rh7 66.
Rb3 Ra7 67. Kf1 Re7 68. Kg1 Re3 69. Rb2 Kf3 70. Rf2+ Kg3 71. Rg2+ Kf3 72. Rf2+ Ke4 73.
Ra2 Rb3 74. Kf2 Rb4 75. Re2+ Kf5 76. Ra2 Kg4 77. Kg2 Rb3 78. Kf2 Rh3 79. Kg2 f3+ 80. Kg1 Kg3 81. Rg2+ Kf4 82. Rg8 Rg3+ 83. Rxg3 Kxg3 84.
Kh1 Kf2 0-1

[Event "*** Titled Tuesday 3|2 Blitz"]
[Site "Chess.com"]
[Date "2016.09.06"]
[Round "7"]
[White "Wolverine_master"]
[Black "AnastasiaProtopopova"]
[Result "0-1"]
[WhiteElo "2041"]
[BlackElo "2103"]
[TimeControl "180+2"]
[EndTime "12:31:56 PDT"]
[Termination "AnastasiaProtopopova won by checkmate"]

1. e4 e5 2. Nf3 Nc6 3. d4 exd4 4. Bc4 Bc5 5. c3 dxc3 6. Bxf7+ Kxf7 7. Qd5+ Ke8 8. Qxc5 Qe7 9. Qxe7+ Ngxe7 10. Nxc3 d6 11. O-O Bg4 12. Ne1 Rf8 13. f3 Be6 14. Be3 Kf7 15. Nc2 Ne5 16. b3 Kg8 17. Nd4 Bd7 18. Rac1 a6 19. Bg5 N7c6 20. Nxc6 Bxc6 21. Rfd1 h6 22. Be3 Rac8 23. Nd5 Rf7 24. Nb4 Bd7 25. Nd5 Be6 26. h3 g5 27. Bf2 Ng6 28. Bg3 h5 29. Kf1 g4 30. hxg4 hxg4 31. Ke2 Kg7 32. Ke3 Bxd5 33.
Rxd5 gxf3 34. gxf3 Rcf8 35. Rf1 Ne7 36. Rg5+ Kf6 37. f4 Ke6 38. f5+ Kd7 39. Bh4 Rh7 40. Rg4 Nc6 41. f6 Ne5 42. Rg7+ Rf7 43. Rxf7+ Nxf7 44. Bg3 Ke6 45. Kd4 Rh6 46. Rc1 c5+ 47. Kd3 Rxf6 48. Bh4 Rf3+ 49. Ke2 Rh3 50. Be1 Ne5 51. Bc3 Rh2+ 52. Kf1 Nd3 53. Ra1 Rc2 54. Bh8 Rc1+ 55.
Rxc1 Nxc1 56. Ke1 Nxa2 57. Kd2 Nb4 58. Kc3 b5 59. Bg7 Nc6 60. Bf8 Ne5 61. Bg7 b4+ 62. Kc2 Nc6 63. Bf8 Ke5 64. Kd3 Nd8 65. Bg7+ Ke6 66. Kc4 Nf7 67. Kd3 Ng5 68. Bh6 Nf3 69. Ke3 Nd4 70. Kd3 Nxb3 71. Kc4 Na5+ 72. Kd3 c4+ 73. Kd4 c3 74. Kd3 d5 75. exd5+ Kxd5 76. Bf8 Nc6 77. Bxb4 Nxb4+ 78. Kxc3 a5 79. Kb3 Kc5 80. Ka4 Kb6 81. Kb3 Kb5 82. Ka3 a4 83.
Kb2 Nd3+ 84. Ka3 Ka5 85. Ka2 Kb4 86. Ka1 Kb3 87. Kb1 Nb4 88. Ka1 a3 89. Kb1 a2+ 90. Ka1 Nc2# 0-1

[Event "*** Titled Tuesday 3|2 Blitz"]
[Site "Chess.com"]
[Date "2016.09.06"]
[Round "8"]
[White "Sinquefield"]
[Black "Tesla37"]
[Result "0-1"]
[WhiteElo "2168"]
[BlackElo "2592"]
[TimeControl "180+2"]
[EndTime "12:34:05 PDT"]
[Termination "Tesla37 won by resignation"]

1. e4 c5 2. Nf3 e6 3. d4 cxd4 4. Nxd4 Nc6 5. Nc3 Qc7 6. g3 a6 7. Bg2 Nf6 8. O-O d6 9. Re1 Nd7 10. Nd5 exd5 11. exd5+ Nce5 12. f4 Be7 13. fxe5 Nxe5 14.
Nf5 Bxf5 0-1

[Event "*** Titled Tuesday 3|2 Blitz"]
[Site "Chess.com"]
[Date "2016.09.06"]
[Round "8"]
[White "lionheart95"]
[Black "wonderfultime"]
[Result "0-1"]
[WhiteElo "2472"]
[BlackElo "2670"]
[TimeControl "180+2"]
[EndTime "12:34:55 PDT"]
[Termination "wonderfultime won by resignation"]

1. e4 c5 2. Nf3 d6 3. d4 cxd4 4. Nxd4 Nf6 5. Nc3 g6 6. Be3 Bg7 7. f3 O-O 8. Bc4 Nc6 9. Bb3 Bd7 10. h4 h5 11. Qd2 Rc8 12. O-O-O Ne5 13. Bg5 Rc5 14. Kb1 b5 15. g4 hxg4 16. h5 Nxh5 17. Nd5 Re8 18. Rxh5 gxh5 19. Qh2 Rxd5 20. Qd2 Nxf3 21.
Qh2 Nxh2 0-1

[Event "*** Titled Tuesday 3|2 Blitz"]
[Site "Chess.com"]
[Date "2016.09.06"]
[Round "8"]
[White "Kawhi_Leonard2"]
[Black "SavelijTartakover"]
[Result "0-1"]
[WhiteElo "2015"]
[BlackElo "2458"]
[TimeControl "180+2"]
[EndTime "12:35:22 PDT"]
[Termination "SavelijTartakover won by resignation"]

1. e4 c5 2. Nf3 Nc6 3. d4 cxd4 4.
Nxd4 Nf6 5. Nc3 d6 6. Bg5 e6 7.
Qd2 Be7 8. O-O-O Nxd4 9. Qxd4 O-O 10. f4 h6 11. Bh4 a6 12. Bc4 b5 13. Bb3 Rb8 14.
e5 dxe5 15. Qxe5 Qb6 16. Kb1 Ng4 17. Qe1 Bxh4 18. Qxh4 Nf2 19. g4 Nxh1 20. Rxh1 Bb7 21. Rg1 Qxg1+ 0-1

[Event "*** Titled Tuesday 3|2 Blitz"]
[Site "Chess.com"]
[Date "2016.09.06"]
[Round "8"]
[White "Polemistis"]
[Black "Colombiano07"]
[Result "0-1"]
[WhiteElo "1812"]
[BlackElo "2191"]
[TimeControl "180+2"]
[EndTime "12:35:42 PDT"]
[Termination "Colombiano07 won by resignation"]

1. d4 d5 2. c4 e6 3. Nc3 Nf6 4.
cxd5 exd5 5. Bg5 Be7 6. e3 Bf5 7. Bxf6 Bxf6 8. Qb3 O-O 9. Qxd5 Qxd5 10. Nxd5 Bd8 11.
Nf3 c6 12. Nc3 Re8 13. Be2 Nd7 14. O-O Bf6 15. Nh4 Bxh4 16. g3 Bf6 17. Bf3 Nb6 18. Bg2 Rad8 19. Rfd1 Nd5 20. Nxd5 cxd5 21. Rac1 Be4 22.
Bxe4 dxe4 23. Rc7 Re7 24. Rdc1 Kf8 25. Rxe7 Kxe7 26. Rc7+ Rd7 27. Rc8 Kd6 28. Re8 Be7 29. Rh8 h6 30. Rg8 Bf6 31. Rc8 Rc7 32. Re8 Be7 33.
Ra8 a6 0-1

[Event "*** Titled Tuesday 3|2 Blitz"]
[Site "Chess.com"]
[Date "2016.09.06"]
[Round "8"]
[White "hypert"]
[Black "VMikhalevski"]
[Result "0-1"]
[WhiteElo "2333"]
[BlackElo "2440"]
[TimeControl "180+2"]
[EndTime "12:36:19 PDT"]
[Termination "VMikhalevski won by resignation"]

1. e4 e5 2. Nf3 Nc6 3. Bb5 Nf6 4. d3 d6 5. h3 g6 6. Nc3 Bg7 7. O-O O-O 8. Bxc6 bxc6 9. d4 exd4 10. Nxd4 Bb7 11. Re1 Re8 12. Nb3 c5 13. f3 a5 14. Bg5 h6 15. Bh4 a4 16. Nd2 a3 17. b3 g5 18. Bf2 Nh5 19. Ne2 Bxa1 20. Qxa1 Qf6 21. Qc1 Qb2 22. Qd1 Ba6 23. c4 Qxa2 24.
Nc3 Qb2 25. Nd5 a2 26. Nxc7 Bb7 27. Nxa8 Rxa8 0-1

[Event "*** Titled Tuesday 3|2 Blitz"]
[Site "Chess.com"]
[Date "2016.09.06"]
[Round "8"]
[White "Maitreia"]
[Black "NTBT_DHS"]
[Result "0-1"]
[WhiteElo "2405"]
[BlackElo "2528"]
[TimeControl "180+2"]
[EndTime "12:36:57 PDT"]
[Termination "NTBT_DHS won by resignation"]

1. c4 Nf6 2. Nc3 g6 3. g3 Bg7 4. Bg2 O-O 5. Nf3 d6 6. O-O Nc6 7. Rb1 e5 8. d3 h6 9. b4 Be6 10. b5 Ne7 11. a4 Qc8 12. Re1 Bh3 13. Bh1 Ng4 14. Ba3 Qe6 15. Qb3 c5 16. bxc6 bxc6 17. a5 Kh7 18. a6 f5 19. Nd2 h5 20. Qb7 e4 21. Ncxe4 fxe4 22. Nxe4 Bd4 23. e3 Rxf2 24. Ng5+ Kh6 25. Nxe6 Rf1+ 0-1

[Event "*** Titled Tuesday 3|2 Blitz"]
[Site "Chess.com"]
[Date "2016.09.06"]
[Round "8"]
[White "DanielNaroditsky"]
[Black "Abdodi"]
[Result "1-0"]
[WhiteElo "2731"]
[BlackElo "1981"]
[TimeControl "180+2"]
[EndTime "12:37:25 PDT"]
[Termination "DanielNaroditsky won by resignation"]

1. d4 Nf6 2. c4 e6 3. Nc3 Bb4 4.
f3 d5 5. a3 Bxc3+ 6. bxc3 O-O 7.
cxd5 exd5 8. e3 Re8 9. Bd3 c5 10. Ne2 c4 11. Bc2 Nbd7 12. O-O Nf8 13. g4 Nxg4 14.
fxg4 Bxg4 15. Qe1 Qa5 16. Nf4 Ng6 17. Bd2 Rad8 18. Qg3 Bc8 19. Nh5 Qb6 20. Rab1 Qd6 21.
Rf2 Qxa3 22. Rbf1 Rf8 23. h4 Qd6 24. Nf4 Nxf4 25. Rxf4 f5 26. h5 Rde8 27. Be1 Qe7 28. R1f3 h6 29. Qg2 Kh8 30. Bh4 Qf7 31. Bxf5 Qxh5 32. Bg6 Rxf4 33. Bxh5 Rxh4 34. Bxe8 Rg4 35. Rg3 1-0

[Event "*** Titled Tuesday 3|2 Blitz"]
[Site "Chess.com"]
[Date "2016.09.06"]
[Round "8"]
[White "IamSchrodingersCat"]
[Black "Iuri_Shkuro"]
[Result "0-1"]
[WhiteElo "2266"]
[BlackElo "2484"]
[TimeControl "180+2"]
[EndTime "12:37:25 PDT"]
[Termination "Iuri_Shkuro won by resignation"]

1. e4 Nc6 2. Nf3 d6 3. Nc3 Nf6 4. d4 g6 5. Bc4 Bg7 6. Bg5 O-O 7. Qd2 Nxe4 8. Nxe4 d5 9. Bd3 dxe4 10. Bxe4 Qd6 11. O-O-O Bg4 12. Be3 f5 13. Bf4 e5 14. Bxc6 exf4 15.
Bxb7 Rab8 16. h3 Bh5 17. Qc3 Rxb7 18. Qc4+ Kh8 0-1

[Event "*** Titled Tuesday 3|2 Blitz"]
[Site "Chess.com"]
[Date "2016.09.06"]
[Round "8"]
[White "Mepetmepe"]
[Black "igorkovalenko"]
[Result "0-1"]
[WhiteElo "2390"]
[BlackElo "2611"]
[TimeControl "180+2"]
[EndTime "12:37:41 PDT"]
[Termination "igorkovalenko won on time"]

1. Nf3 e6 2. c4 d5 3. g3 Nf6 4. Bg2 Be7 5. d4 O-O 6. O-O dxc4 7. Qc2 b5 8. a4 b4 9. Qxc4 Ba6 10. Qc2 b3 11. Qd1 Nc6 12. Nc3 Rb8 13. Re1 Nb4 14. Rb1 Nc2 15. Rf1 c5 16. Bf4 Rb4 17. dxc5 Bxc5 18. Qxd8 Rxd8 19. Rfd1 Rc8 20. Ne5 h6 21. Nd3 Bxd3 22. Rxd3 g5 23. Bd2 Ng4 24.
e3 Ne5 25. Be4 Nxd3 26. Bxd3 Rd8 27. Ne4 Rxd3 0-1